 Dungeon Crawl Stone Soup version 0.20.1-1-g8b1a95d (webtiles) character file.

103 lydgate the Shield-Bearer (level 4, -1/29 HPs)
             Began as a Gargoyle Fighter on Nov 16, 2017.
             Was an Initiate of Okawaru.
             Slain by an ogre
             ... wielding a +0 giant club
              (22 damage)
             ... on level 3 of the Dungeon on Dec 11, 2017.
             The game lasted 00:15:23 (2336 turns).

lydgate the Shield-Bearer (Gargoyle Fighter)        Turns: 2336, Time: 00:15:24

Health: -1/29      AC: 14    Str: 19    XL:     4   Next: 79%
Magic:  3/4        EV:  5    Int:  9    God:    Okawaru [......]
Gold:   80         SH:  9    Dex: 10    Spells: 2/3 levels left

rFire    . . .     SeeInvis .   m - +0 whip
rCold    . . .     Gourm    .   c - +0 shield
rNeg     + . .     Faith    .   s - +0 chain mail
rPois    ∞         Spirit   .   o - +0 helmet
rElec    +         Reflect  .   (no cloak)
rCorr    .         Harm     +   (no gloves)
MR       .....                  (no boots)
Stlth    ..........             n - amulet of harm
Regen    0.1/turn               (no ring)
MPRegen  0.1/turn               (no ring)

@: very slightly contaminated
A: negative energy resistance 1, electricity resistance, unbreathing,
petrification resistance, rot immunity, AC +3
a: Renounce Religion


You were on level 3 of the Dungeon.
You worshipped Okawaru.
Okawaru was noncommittal.
You were not hungry.

You visited 1 branch of the dungeon, and saw 3 of its levels.

You collected 80 gold pieces.

Inventory:

Hand Weapons
 m - a +0 whip (weapon)
 r - a +0 flail
 t - a +0 flail
Missiles
 j - 67 stones (quivered)
Armour
 c - a +0 shield (worn)
 o - a +0 helmet (worn)
 s - a +0 chain mail (worn)
Jewellery
 n - an amulet of harm (around neck)
Scrolls
 a - 2 scrolls of remove curse {unknown}
 e - a scroll of fear {unknown}
 g - 2 scrolls of identify {unknown}
 h - 2 scrolls of teleportation
 i - a scroll of enchant weapon {unknown}
 k - a scroll of noise {unknown}
Potions
 b - a potion of brilliance {unknown}
 d - a potion of might
 p - a potion of lignification {unknown}
Books
 l - a book of Minor Magic

   Spells                             Type                      Level
   a - Magic Dart                     Conjuration                  1
   b - Blink                          Translocation                2
   c - Call Imp                       Summoning                    2
   d - Slow                           Hexes                        2
   e - Conjure Flame                  Conjuration/Fire             3
   f - Mephitic Cloud                 Conjuration/Poison/Air       3
Comestibles
 f - 4 bread rations
 q - 2 chunks of flesh
 u - a meat ration


   Skills:
 + Level 3.7 Fighting
 + Level 3.2 Maces & Flails
 + Level 4.0 Armour
 + Level 0.2 Dodging
 + Level 4.1 Shields
 + Level 0.1 Spellcasting


You had 2 spell levels left.
You knew the following spells:

 Your Spells              Type           Power        Failure   Level  Hunger
a - Magic Dart            Conj           #...         100%        1    ##.....


Dungeon Overview and Level Annotations

Branches:
Dungeon (3/15)

Altars:
Elyvilon
Fedhas
Gozag
Makhleb
Nemelex Xobeh
Okawaru
Qazlal
Ru
Sif Muna
Trog
Uskayaw
Vehumet

Annotations:
D:2 exclusion: oklob plant


Innate Abilities, Weirdness & Mutations

You are resistant to torment.
Your stone body is resilient. (AC +3)
You are immune to poison.
You resist negative energy. (rN+)
You are resistant to electric shocks. (rElec)
You can survive without breathing.
You are immune to petrification.
You are immune to rotting.


Message History

The kobold shouts!
You hit the ogre.
The ogre is moderately wounded.
The ogre hits you with a giant club!
You hit the ogre but do no damage.
The ogre is moderately wounded.
You block the ogre's attack.
You whack the ogre!
The ogre is heavily wounded.
You block the ogre's attack.
Your shield and chain mail prevent you from hitting the ogre.
The ogre is heavily wounded.
You hit the ogre but do no damage.
The ogre is heavily wounded.
You block the ogre's attack.
You hit the ogre.
The ogre is severely wounded.
The ogre hits you with a giant club!!
Ouch! That really hurt!
You die...

#..# #.#
#..####.##
#........#
#####.#######
#.....#
#.##### ###
#.#
.....#####.#
(..(.KO@...#
.....#######
... .


You could see an ogre and a kobold.

Vanquished Creatures
  2 gnolls (D:2)
  2 adders (D:2)
  2 worms
  6 dart slugs
  2 leopard geckos
  5 orcs (D:3)
  A giant cockroach (D:2)
  2 goblins
  4 hobgoblins
  3 jackals (D:3)
  5 bats
  A frilled lizard (D:1)
  5 kobolds
  4 rats
44 creatures vanquished.

Notes
Turn   | Place    | Note
-------+----------+-------------------------------------------
     0 | D:1      | lydgate the Gargoyle Fighter began the quest for the Orb.
     0 | D:1      | Reached XP level 1. HP: 14/14 MP: 1/1
   266 | D:1      | Reached XP level 2. HP: 19/19 MP: 2/2
   829 | D:2      | Found a bloodstained altar of Trog.
   832 | D:2      | Found a sacrificial altar of Ru.
   834 | D:2      | Found a radiant altar of Vehumet.
   839 | D:2      | Found a burning altar of Makhleb.
   843 | D:2      | Found an opulent altar of Gozag.
   843 | D:2      | Found a hide-covered altar of Uskayaw.
   847 | D:2      | Found a deep blue altar of Sif Muna.
   848 | D:2      | Found a sparkling altar of Nemelex Xobeh.
   849 | D:2      | Found a stormy altar of Qazlal.
   850 | D:2      | Found an iron altar of Okawaru.
   851 | D:2      | Found a white marble altar of Elyvilon.
   903 | D:2      | Reached XP level 3. HP: 21/23 MP: 3/3
   909 | D:2      | Learned a level 1 spell: Magic Dart
  1317 | D:2      | Reached XP level 4. HP: 28/28 MP: 4/4
  1425 | D:2      | Found a blossoming altar of Fedhas.
  1435 | D:2      | Noticed an oklob plant
  1809 | D:3      | Found a burning altar of Makhleb.
  2081 | D:2      | Became a worshipper of Warmaster Okawaru
  2324 | D:3      | Noticed an ogre
  2336 | D:3      | Slain by an ogre

Skill      XL: |  1  2  3  4 |
---------------+-------------+-----
Shields        | 4 |  4.1
Maces & Flails | 3 |  3.2
Armour         | 4 |  4.0
Fighting       | |  3.7
Dodging        | |  0.2
Spellcasting   | |  0.1

Action                   |  1- 3 |  4- 6 || total
-------------------------+-------+-------++-------
Melee: Flail             |    65 |    79 ||   144
       Whip              |       |     9 ||     9
Throw: Stone             |     3 |    13 ||    16
  Use: Potion            |     1 |     1 ||     2
       Scroll            |     1 |       ||     1
  Eat: Chunk             |     1 |     1 ||     2
       Meat ration       |       |     1 ||     1
Armor: Scale mail        |    32 |    45 ||    77
       Chain mail        |       |    17 ||    17
Dodge: Dodged            |    26 |    35 ||    61
Block: Shield            |    35 |    68 ||   103
